 Dungeon Crawl Stone Soup version 0.28.0-43-g3370ac3207 (webtiles) character file.

Game seed: 16370204968165397041

417 pkoi the Insei (level 6, -3/52 HPs)
             Began as a Demigod Gladiator on Apr 2, 2022.
             Killed from afar by an orc wizard (6 damage)
             ... with a magic dart
             ... on level 4 of the Dungeon.
             The game lasted 00:04:54 (3758 turns).

pkoi the Insei (Demigod Gladiator)                  Turns: 3758, Time: 00:04:54

Health: -3/52      AC:  4    Str: 19    XL:     6   Next: 34%
Magic:  8/8        EV: 13    Int: 10    God:
Gold:   128        SH:  5    Dex: 25    Spells: 4/5 levels left

rFire   . . .      SeeInvis .     - Unarmed
rCold   . . .      Faith    .   (no shield)
rNeg    . . .      Spirit   .   a - +0 leather armour
rPois   +          Reflect  +   e - +0 helmet
rElec   .          Harm     .   (no cloak)
rCorr   .          Rampage  .   (no gloves)
Will    .....                   (no boots)
Stlth   ++........              j - amulet of reflection
HPRegen 0.17/turn               f - ring of poison resistance
MPRegen 0.11/turn               d - +6 ring of dexterity

@: about to teleport
A: high MP 1, forlorn, divine attributes
a: no special abilities


You were on level 4 of the Dungeon.
You visited 1 branch of the dungeon, and saw 4 of its levels.

You collected 128 gold pieces.

Inventory:

Hand Weapons
 i - a +1 dagger of venom
Missiles
 c - 3 throwing nets (quivered)
Armour
 a - a +0 leather armour (worn)
 b - a +0 helmet
 e - a +0 helmet (worn)
Jewellery
 d - a +6 ring of dexterity (right hand)
 f - a ring of poison resistance (left hand)
 j - an amulet of reflection (around neck)
Potions
 o - a potion of mutation


   Skills:
 + Level 3.9 Fighting
 - Level 1.7 Throwing
 - Level 2.6 Dodging
 * Level 5.8 Unarmed Combat


You had 4 spell levels left.
You knew the following spells:

 Your Spells              Type           Power      Damage    Failure   Level
a - Apportation           Tloc           0%         N/A       41%         1

Your spell library contained the following spells:

 Spells                   Type           Power      Damage    Failure   Level
 Animate Skeleton         Necr           0%         N/A       41%         1
 Summon Small Mammal      Summ           0%         N/A       41%         1


Dungeon Overview and Level Annotations

Branches:
Dungeon (4/15)
 Temple: D:4-7

Shops:
D:2 :?[(

Annotations:
D:4 Grinder


Innate Abilities, Weirdness & Mutations

You have an increased reservoir of magic. (+10% MP)
You shall have no god before yourself.
Your divine heritage dramatically boosts your attributes as you level up.


Message History

The puff of flame misses you.
The puff of flame hits the orc wizard.
The orc wizard hits you with a +0 short sword.
* * * LOW HITPOINT WARNING * * *
The orc barely misses you.
You barely miss the orc wizard.
The orc wizard is moderately wounded.
The orc wizard hits you with a +0 whip.
* * * LOW HITPOINT WARNING * * *
The orc wizard barely misses you. The orc hits you with a +0 whip.
* * * LOW HITPOINT WARNING * * *
The orc wizard hits you but does no damage.
You feel better. You block the orc wizard's attack.
The orc wizard points at you and mumbles some strange words.
The magic dart hits you!
* * * LOW HITPOINT WARNING * * *
The orc wizard closely misses you. The orc closely misses you.
As you read the scroll of teleportation, it crumbles to dust.
You feel strangely unstable.
The orc wizard points at you and mumbles some strange words.
The magic dart hits you.
* * * LOW HITPOINT WARNING * * *
The orc wizard hits you with a +0 dagger.
* * * LOW HITPOINT WARNING * * *
The orc wizard barely misses you. You block the orc's attack.
Okay, then.
As you read the scroll labelled SIENIOTOIW, it crumbles to dust.
You hear a loud clanging noise!
It was a scroll of noise.
You hear a shout!
The orc wizard hits you with a +0 whip.
* * * LOW HITPOINT WARNING * * *
You block the orc wizard's attack.
The orc wizard hits you but does no damage.
The orc closely misses you.
You hit the orc wizard.
The orc wizard is moderately wounded.
The orc wizard closely misses you.
The orc wizard points at you and mumbles some strange words.
The magic dart hits you.
You die...

#.................
.................
##..##..............
#...##..##.....).... ###
#...##..##..........
##...##..#...#...........
#........'...#..........#
#......oo#...#..........#
#.....oo@#...#...........
###..###o##..##..........
## ####..##...)##...#
...#.....##...#
..#.....#.....
.##....#..... #....#.....
.....#..... ......#.....


You could see 3 orc wizards and 2 orcs.

Vanquished Creatures
  2 ogres (D:4)
  2 howler monkeys
  A hound (D:4)
  An orc priest (D:3)
  2 hound skeletons (D:4)
  A howler monkey skeleton (D:4)
  An ufetubus (D:4)
  An adder skeleton (D:4)
  A worm (D:2)
  2 dart slugs
  3 orcs (D:4)
  4 ball pythons
  4 bats
  6 endoplasms
  3 giant cockroaches
  5 goblins
  4 hobgoblins
  4 jackals (D:1)
  7 kobolds
  3 quokkas
  2 frilled lizards
  6 rats
65 creatures vanquished.

Notes
Turn   | Place    | Note
-------+----------+-------------------------------------------
     0 | D:1      | pkoi the Demigod Gladiator began the quest for the Orb.
     0 | D:1      | Reached XP level 1. HP: 17/17 MP: 3/3
   253 | D:1      | Reached skill level 3 in Unarmed Combat
   492 | D:1      | Reached XP level 2. HP: 21/24 MP: 4/4
   964 | D:2      | Found Falivim's Book Emporium.
   992 | D:2      | Found Deja's Magic Scroll Boutique.
  1145 | D:2      | Reached XP level 3. HP: 24/30 MP: 5/5
  1277 | D:2      | Found Wothrabawn's Weapon Boutique.
  1331 | D:2      | Found Iwae's Armour Shoppe.
  2522 | D:3      | Learned a level 1 spell: Apportation
  2772 | D:4      | Reached skill level 4 in Unarmed Combat
  2930 | D:4      | Noticed an ogre
  2968 | D:3      | Reached XP level 4. HP: 37/37 MP: 6/6
  2993 | D:4      | Noticed Grinder
  2993 | D:4      | Noticed an ogre
  3224 | D:4      | Killed an ogre
  3225 | D:4      | Reached skill level 5 in Unarmed Combat
  3225 | D:4      | Reached XP level 5. HP: 45/45 MP: 7/7
  3397 | D:4      | Killed an ogre
  3398 | D:4      | Reached XP level 6. HP: 17/52 MP: 8/8
  3758 | D:4      | Killed from afar by an orc wizard

Illustrated notes

Levels and vault maps discovered:
D:1:      saegor_arrival_miasma, layout_rooms, chequers_decorated_corner,
          kennysheep_small_spiral, minmay_misc_feat_doors,
          chequers_serial_rivers_large_b
D:2:      cheibrodos_helix_gallery, layout_loops_ring, serial_shops,
          nicolae_square_shop, shop, shop, shop, shapermc_ecumenical_altar_venn
D:3:      layout_loops_corners, roderic_lattice_a, dk_vineyard_2
D:4:      layout_gridville, uniq_grinder

Skill      XL: |  1  2  3  4 |
---------------+-------------+-----
Fighting       | 2 3 |  3.9
Unarmed Combat | 3 4 5 |  5.8
Throwing       | |  1.7
Dodging        | |  2.6

Action                   |  1- 3 |  4- 6 || total
-------------------------+-------+-------++-------
Melee: Unarmed           |    55 |    45 ||   100
       Dagger            |    76 |    30 ||   106
       Punch             |     6 |     4 ||    10
  Use: Scroll            |     4 |     2 ||     6
       Potion            |     3 |     1 ||     4
 Stab: Sleeping          |     3 |       ||     3
       Distracted        |     1 |       ||     1
Armor: Leather armour    |    31 |    14 ||    45
Dodge: Dodged            |    83 |    49 ||   132
Block: Other             |    11 |    14 ||    25
       Reflection        |       |     2 ||     2
